cohdb
Replays
Latest Replays
All Replays
Popular Replays
Top Player Replays
Match Explorer
How It Works
Community
CoH3 Stats
Reddit
Sign in to upload your games and track your stats! →
Sign in with Steam
Match 42629544
Unlisted
Match 42629544
Overview
Messages
Build Orders
End
Construct Barracks
Selects Special Operations Battlegroup
Engineer Squad
Riflemen Squad
Riflemen Squad
Selects M29 Weasel with M1 Pack Howitzer
M29 Weasel with M1 Pack Howitzer
Mechanized Support Center
Construct Medical Station
Construct Motor Pool
Sergeant Джон Раечкин
Private Боб Аугистис
Thiklitsa
Nashorn101
0
0
Comments
sign in to comment!
No comments posted yet!